 Dungeon Sprint DCSS version 0.14-a0-1686-g0e827d1 (webtiles) character file.

1 LoliLover the Covered (level 1, 0/16 HPs)
             Began as a Djinni Fighter on Dec 30, 2013.
             Was an Initiate of Makhleb.
             Slain by an ufetubus (3 damage)
             ... in the Dungeon (Sprint VII: "The Pits").
             The game lasted 00:00:51 (69 turns).

LoliLover the Covered (Djinni Fighter)                Turns: 69, Time: 00:00:52

HP   0/16        AC  6     Str 16      XL: 1   Next: 16%
MP   0/0         EV  6     Int  8      God: Makhleb [......]
Gold 0           SH 17     Dex 12      Spells:  0 memorised,  0 levels left

rFire  + + +     SeeInvis .     d - +2 falchion
rCold  x . .     Clarity  .     b - +0 scale mail
rNeg   + + +     Conserve .     c - +0 shield
rPois  .         rCorr    .     (no helmet)
rElec  .         rRot     .     (no cloak)
SustAb . .       Spirit   .     (no gloves)
rMut   .         Warding  .     (boots unavailable)
Saprov . . .     NoTele   +     (no amulet)
                                (no ring)
                                (no ring)

@: flying, not resistant to hostile enchantments, extremely unstealthy
A: fire immunity, cold vulnerability, life protection 3
a: Renounce Religion


You were in the Dungeon.
You worshipped Makhleb.
Makhleb was noncommittal.
You were not hungry.

You visited 1 branch

Inventory:

Hand weapons
 a - a +0,+0 falchion
 d - a +2,+2 falchion (weapon)
Missiles
 o - 10 stones (quivered)
Armour
 b - a +0 scale mail (worn)
 c - a +0 shield (worn)
Scrolls
 j - a scroll of blinking
 k - 2 scrolls of vulnerability
 l - 3 scrolls of remove curse
 m - 5 scrolls of amnesia
 n - a scroll of summoning
Potions
 e - a potion of curing
 f - a potion of heal wounds
 g - a potion of speed
 h - 4 potions of magic
 i - 2 potions of invisibility
Magical staves
 p - an uncursed staff of energy


   Skills:
 - Level 2.6 Fighting
 * Level 2.6 Long Blades
 + Level 3.4 Armour
 + Level 3.1 Shields


You couldn't memorise any spells.
You didn't know any spells.

Dungeon Overview and Level Annotations

Branches:
Dungeon (1/1)

Altars:
Ashenzari
Cheibriados
Elyvilon
Fedhas
Kikubaaqudgha
Makhleb
Nemelex Xobeh
Okawaru
Sif Muna
Trog
Vehumet
Xom
Yredelemnul
Zin
the Shining One
Beogh
Jiyva
Lugonu


Innate Abilities, Weirdness & Mutations

You are immune to all types of fire, even holy and hellish.
You are vulnerable to cold.
You need no food.
You have no legs.
You are immune to negative energy.


Message History

The ufetubus is severely wounded.
The ufetubus barely misses you. You block the ufetubus' attack.
The ufetubus hits you but does no damage.
The ufetubus hits you.
Your shield and scale mail prevent you from hitting the ufetubus.
The ufetubus is severely wounded.
You block the ufetubus' attack. The ufetubus hits you.
You block the ufetubus' attack.
You miss the ufetubus.
The ufetubus is severely wounded.
The ufetubus hits you but does no damage.
You block the ufetubus' attack. The ufetubus hits you.
Your shield and scale mail prevent you from hitting the ufetubus.
The ufetubus is severely wounded.
You block the ufetubus' attack. The ufetubus hits you.
* * * LOW HITPOINT WARNING * * *
The ufetubus hits you.
You die...

############
#__________#
#_____..___#
#######'#############
#.))).'.'%!##.........
#.).).#.#..##......#..#
#######'#####..........
#...........'...........
#+#####@#####......#..#.
#.5# #........... +..+
####'#####++ ####
#.......# #.......#
#.......# #...<...#
#.......# #.......#


You could see an ufetubus.

Vanquished Creatures
  A bat (D)
1 creature vanquished.

Notes
Turn   | Place    | Note
--------------------------------------------------------------
     0 | D        | LoliLover, the Djinni Fighter, began the quest for the Orb.
     0 | D        | Reached XP level 1. HP: 16/16 MP: 0/0
    20 | D        | Found a basalt altar of Yredelemnul.
    20 | D        | Found a deep blue altar of Sif Muna.
    20 | D        | Found a burning altar of Makhleb.
    20 | D        | Found a shimmering altar of Xom.
    20 | D        | Found an ancient bone altar of Kikubaaqudgha.
    20 | D        | Found a sparkling altar of Nemelex Xobeh.
    21 | D        | Found a glowing golden altar of the Shining One.
    21 | D        | Found a bloodstained altar of Trog.
    21 | D        | Found a shattered altar of Ashenzari.
    21 | D        | Found a white marble altar of Elyvilon.
    21 | D        | Found a snail-covered altar of Cheibriados.
    21 | D        | Found a blossoming altar of Fedhas.
    21 | D        | Found a radiant altar of Vehumet.
    21 | D        | Found a glowing silver altar of Zin.
    21 | D        | Found a corrupted altar of Lugonu.
    21 | D        | Found a viscous altar of Jiyva.
    21 | D        | Found a roughly hewn altar of Beogh.
    21 | D        | Found an iron altar of Okawaru.
    24 | D        | Became a worshipper of Makhleb the Destroyer
    69 | D        | Slain by an ufetubus

Action                   || total
-------------------------++-------
Melee: Falchion          ||     9
